 Dungeon Crawl Stone Soup version 0.28-a0-909-g796cbd3a86 (webtiles) character file.

Game seed: 6274534410746264874

4382 Htamos the Thaumaturge (level 10, 0/50 HPs)
             Began as a Deep Elf Conjurer on Nov 25, 2021.
             Was an Initiate of Vehumet.
             Slain by a hound (4 damage)
             ... on level 8 of the Dungeon.
             The game lasted 00:22:05 (10987 turns).

Htamos the Thaumaturge (Deep Elf Conjurer)         Turns: 10987, Time: 00:22:06

Health: 0/50       AC:  7    Str:  4    XL:     10   Next: 13%
Magic:  29/29      EV: 11    Int: 27    God:    Vehumet [......]
Gold:   282        SH:  5    Dex: 17    Spells: 27/36 levels left

rFire   + . .      SeeInvis .   G - +1 short sword (drain)
rCold   + . .      Faith    .   (no shield)
rNeg    . . .      Spirit   .   r - +0 leather armour
rPois   +          Reflect  +   m - +1 helmet
rElec   .          Harm     .   u - +0 cloak
rCorr   .          Rampage  .   v - +0 pair of gloves
Will    +....                   (no boots)
Stlth   ++........              t - amulet of reflection
HPRegen 0.16/turn               A - ring "Saut" {Drain rPois rC+ Dex+4 Slay+6}
MPRegen 0.21/turn               c - ring of protection from fire

@: no status effects
A: no striking features
a: Renounce Religion


You were on level 8 of the Dungeon.
You worshipped Vehumet.
Vehumet was noncommittal.
You visited 2 branches of the dungeon, and saw 10 of its levels.

You collected 420 gold pieces.
You spent 138 gold pieces at shops.

Inventory:

Hand Weapons
 f - a +0 whip
 l - a +4 mace
 p - a +0 mace
 w - the +2 long sword "Rouw" {vamp, rC++ Str-4 Dex+3}
   (You found it on level 5 of the Dungeon)

   It occasionally heals its wielder for a portion of the damage dealt when it
   wounds a living foe.
   Str:       It affects your strength (-4).
   Dex:       It affects your dexterity (+3).
   rC:        It greatly protects you from cold.
 x - a +0 shortbow
 B - a +0 scimitar of holy wrath
 E - a +0 longbow
 G - a +1 short sword of draining (weapon)
Missiles
 b - 46 poisoned darts
 o - 2 throwing nets
 y - 91 arrows
Armour
 a - a +0 robe
 j - a +0 leather armour
 m - a +1 helmet (worn)
 q - a +0 scale mail
 r - a +0 leather armour (worn)
 s - a +0 ring mail
 u - a +0 cloak (worn)
 v - a +0 pair of gloves (worn)
 C - a +2 robe of fire resistance
Jewellery
 c - a ring of protection from fire (right hand)
 d - a ring of see invisible
 t - an amulet of reflection (around neck)
 A - the ring "Saut" (left hand) {Drain rPois rC+ Dex+4 Slay+6}
   (You found it on level 5 of the Dungeon)

   [ring of poison resistance]

   Dex:       It affects your dexterity (+4).
   Slay:      It affects your accuracy & damage with ranged weapons and melee
   (+6).
   rC:        It protects you from cold.
   rPois:     It protects you from poison.
   Drain:     It drains your maximum health when unequipped.
Wands
 h - a wand of acid (6)
Scrolls
 e - a scroll of enchant armour
 g - a scroll of immolation
 k - a scroll of amnesia
 z - 6 scrolls of identify {@rr}
Potions
 n - a potion of haste
 D - a potion of berserk rage
Miscellaneous
 i - a condenser vane (inert)


   Skills:
 - Level 2.5 Dodging
 - Level 2.5 Stealth
 + Level 13.7 Spellcasting
 + Level 12.2 Conjurations


You had 27 spell levels left.
You knew the following spells:

 Your Spells              Type           Power      Damage    Failure   Level
a - Magic Dart            Conj           100%       1d8       1%          1
b - Fulminant Prism       Conj/Hex       25%        3d14      4%          4
c - Iskenderun's Mystic   Conj/Tloc      51%        2d11      4%          4

Your spell library contained the following spells:

 Spells                   Type           Power      Damage    Failure   Level
 Foxfire                  Conj/Fire      100%       2x1d9     1%          1
 Searing Ray              Conj           100%       2d8       1%          2
 Dazzling Flash           Conj/Hex       100%       N/A       1%          3


Dungeon Overview and Level Annotations

Branches:
Dungeon (9/15)             Temple (1/1) D:7
   Lair: D:8-11         Orc: D:9-12

Altars:
Ashenzari
Fedhas
Sif Muna
Uskayaw
Vehumet
Wu Jian
Yredelemnul

Shops:
D:1 :[=   D:7 (

Annotations:
D:2 Sigmund
D:7 1 runed translucent door, Strykforce's ghost, novice GrWz
D:8 Erica


Message History

The hound barely misses you.
The kobold throws a stone.
The stone misses you.
Erica points at you and mumbles some strange words.
You are confused.
There is a stone staircase leading up here.
The hound bites you but does no damage.
In your confused state, you trip and fall back down the stairs.
The hound bites you but does no damage. The hound closely misses you.
Erica says, "I love to fight, but killing is better."
Erica mumbles some strange words.
Erica flickers and vanishes!
Deactivating autopickup; reactivate with Ctrl-A.
Unknown command.
The hound closely misses you. Something hits you!
You climb upwards.
Reactivating autopickup.
There is a stone staircase leading down here.
Unknown command.
The hound bites you but does no damage. x2
You bump into the rock wall.
The hound barely misses you.
You bump into the rock wall.
You feel less confused. The hound bites you. Something hits you!
Something burns you.
Deactivating autopickup; reactivate with Ctrl-A.
The hound barely misses you.
Unknown command.
You hit something.
You hear some strange, mumbled words.
A lance of force appears from out of thin air!
The lance of force hits you!
* * * LOW HITPOINT WARNING * * *
You are knocked back by the lance of force.
You slam into the rock wall!
* * * LOW HITPOINT WARNING * * *
The hound misses you.
You hear some strange, mumbled words.
A bolt of poison appears from out of thin air!
The bolt of poison hits you. You resist.
* * * LOW HITPOINT WARNING * * *
The hound bites you.
You die...

#########.# ## #.........# .#
#.#######.# .# #.# #.# .# #.# #.#
.# #.# #.# +####### ########.#
#.# .......# #.{....#.#######.#
.......# #@h....#.......#.#
.......# #......#######.#.#
.......# #..........###.#.#
.......# ###'#####.#)......
.......# #.#...#.###..#.#
.......##### #.#.#.#.#......#
...........# #.#.#.#.#.#..###
...........#######.#.............
................##.......#.....##


You could see a hound.

Vanquished Creatures
  2 kobold demonologists (D:9)
  6 yaks
  A wyvern (D:8)
  A water moccasin (D:7)
  An ice beast (D:5)
  A sky beast (D:5)
  A necrophage (D:4)
  5 centaurs
  6 ogres
  3 kobold brigands
  Blork the orc (D:5)
  3 bullfrogs
  A scorpion (D:6)
  3 killer bees (D:7)
  4 wights (D:8)
  A howler monkey (D:5)
  2 centaur zombies (D:7)
  2 bullfrog zombies (D:6)
  6 hounds
  2 bullfrog skeletons
  Terence (D:3)
  An iguana (D:6)
  4 orc wizards
  3 gnolls (D:3)
  A howler monkey skeleton (D:6)
  10 adders
  An ufetubus (D:4)
  2 adder skeletons (D:4)
  2 worms
  4 dart slugs
  19 orcs
  10 endoplasms
  A giant cockroach (D:1)
  6 goblins
  8 hobgoblins
  2 quokkas (D:2)
  6 ball pythons
  6 bats
  6 frilled lizards
  9 kobolds
  4 rats
158 creatures vanquished.

Vanquished Creatures (others)
  14 fulminant prisms
  10 plants (D:2)
24 creatures vanquished.

Grand Total: 182 creatures vanquished

Notes
Turn   | Place    | Note
-------+----------+-------------------------------------------
     0 | D:1      | Htamos the Deep Elf Conjurer began the quest for the Orb.
     0 | D:1      | Reached XP level 1. HP: 10/10 MP: 6/6
   105 | D:1      | Found Edolay's Book Boutique.
   236 | D:1      | Reached XP level 2. HP: 15/15 MP: 6/8
   382 | D:1      | Found Oteetuq's Jewellery Shop.
   520 | D:1      | Found a faded altar of an unknown god.
   613 | D:1      | Found Fucvoc's Antique Armour Emporium.
   624 | D:1      | You fall into a shaft and drop 1 floor!
   635 | D:2      | Reached skill level 4 in Spellcasting
   635 | D:2      | Reached skill level 5 in Conjurations
   635 | D:2      | Reached XP level 3. HP: 19/19 MP: 0/10
  1190 | D:2      | Reached XP level 4. HP: 24/24 MP: 8/12
  1195 | D:2      | Learned a level 4 spell: Fulminant Prism
  1200 | D:2      | Learned a level 4 spell: Iskenderun's Mystic Blast
  1514 | D:2      | Noticed Sigmund
  1566 | D:3      | Reached skill level 5 in Spellcasting
  1793 | D:3      | Noticed Terence
  1806 | D:3      | Killed Terence
  1807 | D:3      | Reached XP level 5. HP: 28/28 MP: 7/14
  2858 | D:3      | Reached skill level 6 in Spellcasting
  3014 | D:4      | Noticed an ogre
  3117 | D:4      | Noticed an ogre
  3265 | D:4      | Noticed a necrophage
  3270 | D:4      | Killed a necrophage
  3271 | D:4      | Reached XP level 6. HP: 32/32 MP: 8/17
  3424 | D:4      | Reached skill level 7 in Spellcasting
  4020 | D:4      | Reached XP level 7. HP: 36/36 MP: 13/20
  4095 | D:5      | Entered Level 5 of the Dungeon
  4100 | D:5      | Identified the +2 long sword "Rouw" {vamp, rC++ Str-4
                  | Dex+3}
  4212 | D:5      | Noticed Blork the orc
  4248 | D:5      | Identified the ring "Saut" {Drain rPois rC+ Dex+4 Slay+6}
  4278 | D:5      | Reached skill level 8 in Spellcasting
  4708 | D:5      | Killed Blork the orc
  4709 | D:5      | Reached skill level 9 in Spellcasting
  5020 | D:5      | Reached XP level 8. HP: 41/41 MP: 18/23
  5806 | D:6      | Reached skill level 10 in Spellcasting
  6313 | D:7      | Found Yloyt's Antique Weapon Shoppe.
  6318 | D:7      | Bought a glowing short sword for 138 gold pieces
  6751 | D:7      | Reached skill level 11 in Spellcasting
  8051 | D:7      | Reached skill level 10 in Conjurations
  8172 | D:7      | Reached XP level 9. HP: 45/45 MP: 13/26
  8586 | D:7      | Found a staircase to the Ecumenical Temple.
  8665 | D:7      | Found a runed translucent door.
  8685 | Temple   | Entered the Ecumenical Temple
  8810 | Temple   | Became a worshipper of Vehumet
  9026 | D:7      | Noticed Strykforce's ghost (novice GrWz)
  9219 | D:7      | Reached skill level 12 in Spellcasting
  9995 | D:8      | Reached skill level 13 in Spellcasting
 10091 | D:8      | Noticed a boulder beetle
 10498 | D:9      | Noticed a kobold demonologist
 10500 | D:9      | Noticed a kobold demonologist
 10507 | D:9      | Killed a kobold demonologist
 10508 | D:9      | Killed a kobold demonologist
 10509 | D:9      | Reached XP level 10. HP: 50/50 MP: 19/29
 10662 | D:9      | Reached * piety under Vehumet
 10662 | D:9      | Offered knowledge of Foxfire by Vehumet.
 10662 | D:9      | Noticed Erica
 10987 | D:8      | Slain by a hound

Illustrated notes

Levels and vault maps discovered:
D:1:      giann_wishing_wells, layout_basic,
          shapermc_ecumenical_altar_acropolis, serial_shops, shop_fountains,
          nicolae_square_shop, shop_fountains, nicolae_shop_crystal
D:2:      layout_rooms, serial_bayou_lagoon_a, uniq_sigmund
D:3:      layout_loops_corners, uniq_terence
D:4:      layout_loops_ring, serial_rivers, chequers_serial_rivers_marsh,
          chequers_serial_rivers_micro_c, chequers_serial_rivers_small_3,
          chequers_serial_rivers_small_3
D:5:      layout_loops_ring, uniq_blork_the_orc
D:6:      layout_rooms, chequers_serial_rivers_micro_c, kennysheep_small_square
D:7:      layout_basic, minmay_temple_entry_ruins, serial_shops,
          nicolae_shop_hallway_plus, ebering_ghost_reflecting_pool
D:8:      layout_basic
D:9:      layout_rooms, erik_lair_island, orc_0_dummy, serial_shops,
          shop_statue, uniq_erica
Temple:   mainiacjoe_temple_trianglar_array

Skill      XL: |  1  2  3  4  5  6  7  8  9 |
---------------+----------------------------+-----
Spellcasting   | 4 5 6 7 9 11 13 | 13.7
Conjurations   | 5 6 7 8 10 12 | 12.2
Dodging        | |  2.5
Stealth        | |  2.5

Action                   |  1- 3 |  4- 6 |  7- 9 | 10-12 || total
-------------------------+-------+-------+-------+-------++-------
Melee: Whip              |       |     3 |     1 |       ||     4
       Short sword       |       |       |    18 |     1 ||    19
       Scimitar          |       |       |     3 |       ||     3
 Cast: Magic Dart        |    69 |   129 |   193 |    22 ||   413
       Fulminant Prism   |       |     4 |     8 |     2 ||    14
       Iskenderun's Myst |       |       |    47 |       ||    47
Evoke: Wand              |       |       |     2 |       ||     2
       Condenser vane    |       |       |     1 |       ||     1
  Use: Scroll            |       |     4 |    11 |       ||    15
       Potion            |       |       |     7 |       ||     7
Armor: Robe              |     3 |     2 |    20 |       ||    25
       Leather armour    |       |       |    11 |     9 ||    20
Dodge: Dodged            |     4 |    18 |    83 |    15 ||   120
Block: Other             |       |       |    31 |     4 ||    35
       Reflection        |       |       |     8 |     3 ||    11

Table legend: (Time is in decaauts)
 A = Elapsed time spent in this place.
 B = Non-inter-level travel time spent in this place.
 C = Inter-level travel time spent in this place.
 D = Time resting spent in this place.
 E = Time spent auto-exploring this place.
 F = Levels seen in this place.
 G = Mean time per level.
                   A        B        C        D        E       F      G
               +--------+--------+--------+--------+--------+-----+--------+
         Total |  10986 |  10520 |    466 |   2674 |   6416 |  10 | 1098.6 |
       Dungeon |  10824 |  10394 |    430 |   2674 |   6295 |   9 | 1202.7 |
        Temple |    161 |    125 |     36 |      0 |    121 |   1 |  161.0 |
               +--------+--------+--------+--------+--------+-----+--------+

Top non-repeatable levels by time:
     D:6: 2548 daAuts
     D:3: 1648 daAuts
     D:8: 1588 daAuts
     D:7: 1333 daAuts
     D:5: 1174 daAuts
     D:4: 1161 daAuts
     D:2: 680 daAuts
     D:1: 623 daAuts
  Temple: 161 daAuts
     D:9: 64 daAuts
